 Dungeon Crawl Stone Soup version 0.27.1-33-g824d729ab1 (webtiles) character file.

Game seed: 7286108692968773517

119 safid the Chopper (level 5, -14/46 HPs)
             Began as a Hill Orc Fighter on Dec 30, 2021.
             Demolished by an orc wizard (19 damage)
             ... on level 3 of the Dungeon.
             The game lasted 00:04:13 (3050 turns).

safid the Chopper (Hill Orc Fighter)                Turns: 3050, Time: 00:04:13

Health: -14/46     AC: 11    Str: 20    XL:     5   Next: 3%
Magic:  5/5        EV:  3    Int:  8    God:
Gold:   67         SH:  0    Dex: 10    Spells: 4/4 levels left

rFire    . . .     SeeInvis .   a - +0 war axe
rCold    . . .     Faith    .   c - +0 kite shield
rNeg     . . .     Spirit   .   g - +0 plate armour
rPois    .         Reflect  .   (no helmet)
rElec    .         Harm     .   (no cloak)
rCorr    .         Rampage  .   (no gloves)
Will     .....                  (no boots)
Stlth    ..........             (no amulet)
HPRegen  0.15/turn              (no ring)
MPRegen  0.09/turn              (no ring)

@: confused
A: no striking features
a: no special abilities


You were on level 3 of the Dungeon.
You visited 1 branch of the dungeon, and saw 3 of its levels.

You collected 67 gold pieces.

Inventory:

Hand Weapons
 a - a +0 war axe (weapon)
Missiles
 r - 23 poisoned darts (quivered)
Armour
 c - a +0 kite shield (worn)
 g - a +0 plate armour (worn)
Wands
 m - a wand of flame (18)
Scrolls
 b - 3 scrolls of identify {unknown}
 f - a scroll of magic mapping {unknown}
 h - 2 scrolls of teleportation {unknown}
 i - a scroll of noise {unknown}
 k - 2 scrolls of torment {unknown}
 l - a scroll of enchant weapon {unknown}
 p - a scroll of fog {unknown}
Potions
 d - 2 potions of might
 e - a potion of brilliance {unknown}
 j - 2 potions of magic {unknown}
 n - a potion of attraction {unknown}
 o - a potion of flight {unknown}


   Skills:
 - Level 4.0 Fighting
 + Level 4.6 Axes
 - Level 4.0 Armour
 + Level 4.4 Shields


You had 4 spell levels left.
You didn't know any spells.
Your spell library contained the following spells:

 Spells                   Type           Power      Damage    Failure   Level
 Gell's Gravitas          Tloc           0%         N/A       100%        3
 Teleport Other           Tloc           0%         N/A       100%        3
 Dispersal                Tloc           0%         N/A       100%        6


Dungeon Overview and Level Annotations

Branches:
Dungeon (3/15)

Altars:
Dithmenos
Zin


Message History

An orc comes into view. It is wielding a +0 dagger.
You block the orc wizard's attack.
An orc comes into view. It is wielding a +0 flail.
You see here a +0 club.
You closely miss the orc wizard.
The orc wizard gestures at you while chanting.
You resist with some effort.
You closely miss the orc wizard. You slash the orc!
You kill the orc!
The orc wizard hits you but does no damage.
You are electrocuted!
You have reached level 5!
You feel stronger.
You closely miss the orc wizard. You slash the orc!
You kill the orc!
The orc wizard hits you with a +2 dagger of electrocution.
You are electrocuted!
* * * LOW HITPOINT WARNING * * *
The orc wizard points at you and mumbles some strange words.
The puff of flame hits you but does no damage.
You hit the orc wizard.
The orc wizard is moderately wounded.
The orc wizard hits you but does no damage.
Unknown command.
You closely miss the orc wizard.
The orc wizard is moderately wounded.
The orc wizard hits you but does no damage.
The orc wizard casts a spell at you. You resist with some effort.
Unknown command.
You miss the orc wizard.
The orc wizard is moderately wounded.
The orc wizard gestures at you while chanting.
You are confused.
Unknown command.
You bump into the rock wall.
The orc wizard hits you with a +2 dagger of electrocution.
* * * LOW HITPOINT WARNING * * *
You are electrocuted!!
You die...

#)#
#######.#####
............#
########.##.#
#........##.#
#.#########.#
#.# #.#####
#..@o.#
####)## .# .#
.# ##


You could see an orc wizard.

Vanquished Creatures
  4 adders
  3 worms
  4 orcs (D:3)
  7 ball pythons
  7 bats
  5 endoplasms
  A giant cockroach (D:1)
  6 goblins
  6 hobgoblins
  4 jackals (D:1)
  8 kobolds
  6 quokkas
  3 frilled lizards
  3 rats
67 creatures vanquished.

Vanquished Creatures (others)
  10 plants (D:1)
10 creatures vanquished.

Grand Total: 77 creatures vanquished

Notes
Turn   | Place    | Note
-------+----------+-------------------------------------------
     0 | D:1      | safid the Hill Orc Fighter began the quest for the Orb.
     0 | D:1      | Reached XP level 1. HP: 19/19 MP: 1/1
   181 | D:1      | Reached XP level 2. HP: 23/27 MP: 2/2
   426 | D:1      | Reached XP level 3. HP: 29/33 MP: 3/3
   982 | D:1      | Found a faded altar of an unknown god.
  1488 | D:2      | Reached XP level 4. HP: 28/40 MP: 4/4
  2071 | D:3      | Found a shadowy altar of Dithmenos.
  2128 | D:3      | Found a glowing silver altar of Zin.
  3046 | D:3      | Reached XP level 5. HP: 18/46 MP: 5/5
  3050 | D:3      | Demolished by an orc wizard

Illustrated notes

Levels and vault maps discovered:
D:1:      dpeg_arrival_yet_another_circle, layout_basic,
          dilly_ecumenical_altar_fadedgnrine
D:2:      minmay_angry_zag, layout_rooms
D:3:      layout_basic, mainiacjoe_overflow_catch_the_wave,
          minmay_misc_feat_room

Skill      XL: |  1  2  3  4 |
---------------+-------------+-----
Axes           | 3 4 |  4.6
Fighting       | 4 |  4.0
Armour         | 4 |  4.0
Shields        | 4 |  4.4

Action                   |  1- 3 |  4- 6 || total
-------------------------+-------+-------++-------
Melee: War axe           |   133 |   106 ||   239
Armor: Scale mail        |    48 |       ||    48
       Plate armour      |    60 |    77 ||   137
Dodge: Dodged            |    42 |    13 ||    55
Block: Kite shield       |   127 |    49 ||   176
